8 Dreadlord 
 3 Sleep
 3 Vampiric Aura
 1 Inferno
 1 Carrion Swarm
 3 Death Knight 
 1 Unholy Aura
 2 Death Coil
 
                » actions 
                
                | Assign group hotkey | 9 |  | 
| Basic commands | 9 |  | 
| Build / train | 117 |  | 
| Enter build submenu | 20 |  | 
| Enter hero's abilities submenu | 11 |  | 
| Give item / drop item | 2 |  | 
| Remove unit from queue | 7 |  | 
| Right click | 446 |  | 
| Select / deselect | 369 |  | 
| Select group hotkey | 76 |  | 
| Use ability | 69 |  | 
                1136 total
 » units 
                
                | Acolyte | 7 |  | 
| Ghoul | 61 |  | 
| Obsidian Statue | 1 |  | 
| Abomination | 9 |  | 
                78 total
 » upgrades
                
                | Cannibalize | 1 |  | 
| Unholy Strength | 3 |  | 
| Ghoul Frenzy | 1 |  | 
                5 total
 » buildings
                
                | Graveyard | 1 |  | 
| Crypt | 2 |  | 
| Altar of Darkness | 1 |  | 
| Ziggurat | 8 |  | 
| Tomb of Relics | 1 |  | 
| Nerubian Tower | 2 |  | 
| Spirit Tower | 4 |  | 
| Halls of the Dead | 1 |  | 
| Black Citadel | 1 |  | 
| Slaughterhouse | 1 |  | 
                22 total
 » build order
                00:05 Graveyard
00:08 Crypt
00:39 Altar of Darkness
00:59 Ziggurat
01:25 Ziggurat
01:43 Tomb of Relics
03:21 Nerubian Tower
03:28 Spirit Tower
04:52 Ziggurat
05:05 Ziggurat
05:26 Halls of the Dead
05:52 Spirit Tower
06:00 Ziggurat
06:05 Nerubian Tower
06:27 Crypt
07:07 Spirit Tower
07:13 Halls of the Dead
07:56 Ziggurat
09:18 Spirit Tower
09:58 Black Citadel
10:01 Slaughterhouse
10:35 Ziggurat
17:06 Ziggurat
» items
                
                | Rod of Necromancy | 1 |  | 
| Sacrificial Skull | 1 |  | 
| Boots of Speed | 1 |  | 
| Scroll of Healing | 2 |  | 
| Orb of Corruption | 1 |  | 
                6 total